 Dungeon Crawl Stone Soup version 0.23-a0-451-g1044d4cbad (webtiles) character file.

117 LostNumber the Caller (level 4, -4/33 HPs)
             Began as a Mummy Summoner on Nov 22, 2018.
             Killed by divine providence
             ... invoked by an orc priest
              (10 damage)
             ... on level 3 of the Dungeon.
             The game lasted 00:06:32 (3693 turns).

LostNumber the Caller (Mummy Summoner)              Turns: 3693, Time: 00:06:32

Health: -4/33      AC:  2    Str: 11    XL:     4   Next: 71%
Magic:  2/9        EV: 12    Int: 15    God:
Gold:   77         SH:  0    Dex: 12    Spells: 0/10 levels left

rFire    x . .     SeeInvis .   f - +0 spear
rCold    + . .     Gourm    .   (no shield)
rNeg     + + +     Faith    .   a - +0 robe
rPois    ∞         Spirit   .   (no helmet)
rElec    .         Reflect  .   (no cloak)
rCorr    .         Harm     .   (no gloves)
MR       .....                  (no boots)
Stlth    ++........             (no amulet)
HPRegen  0.11/turn              (no ring)
MPRegen  0.11/turn              (no ring)

@: no status effects
A: no food or potions, fire vulnerability, cold resistance 1, negative energy
resistance 3, torment resistance, unbreathing
a: no special abilities


You were on level 3 of the Dungeon.
You were not hungry.

You visited 1 branch of the dungeon, and saw 3 of its levels.

You collected 77 gold pieces.

Inventory:

Hand Weapons
 c - a +0 dagger
 d - a +0 short sword
 f - a +0 spear (weapon)
Armour
 a - a +0 robe (worn)
 k - a +3 leather armour
Magical Staves
 j - an uncursed staff of wizardry
Wands
 i - a wand of disintegration (10)
Scrolls
 b - 2 scrolls of identify {unknown}
 e - 2 scrolls of remove curse {unknown}
 g - 2 scrolls of teleportation {unknown}
 h - a scroll of fear {unknown}


   Skills:
 + Level 2.0 Fighting
 - Level 1.5 Dodging
 - Level 1.5 Stealth
 + Level 3.7 Spellcasting
 * Level 4.3 Summonings
 * Level 0.0 Ice Magic


You couldn't memorise any spells.
You knew the following spells:

 Your Spells              Type           Power        Failure   Level  Hunger
a - Summon Small Mammal   Summ           ###.         3%          1    N/A
b - Call Imp              Summ           ###.....     4%          2    N/A
c - Call Canine Familiar  Summ           ###.....     10%         3    N/A
d - Summon Ice Beast      Ice/Summ       #.......     58%         4    N/A

Your spell library contained the following spells:

 Spells                   Type           Power        Failure   Level  Hunger
 Summon Guardian Golem    Hex/Summ       #.......     22%         3    N/A
 Summon Lightning Spire   Summ/Air       #.......     58%         4    N/A

Dungeon Overview and Level Annotations

Branches:
Dungeon (3/15)

Altars:

Annotations:
D:3 1 runed door, Sigmund; kaisn's ghost, amateur FoFi


Innate Abilities, Weirdness & Mutations

You do not eat or drink.
Your flesh is vulnerable to fire.
You are immune to poison.
Your flesh is cold resistant. (rC+)
You are immune to negative energy. (rN+++)
You are immune to unholy pain and torment.
You can survive without breathing.


Message History

Your hound bites something.
Your crimson imp blinks!
Casting: Call Imp (safe; 4% risk of failure)
Confirm with . or Enter, or press ? or * to list all spells.
A beastly little devil appears in a puff of frigid air.
The kobold barely misses you.
Your white imp closely misses something.
The kobold misses you.
Your white imp misses something.
Casting: Call Imp (safe; 4% risk of failure)
Confirm with . or Enter, or press ? or * to list all spells.
A beastly little devil appears in a puff of flame.
Your white imp barely misses something.
You swap places.
The kobold hits your crimson imp with a cursed +0 short sword.
Your crimson imp misses the kobold.
The kobold hits your crimson imp but does no damage.
The orc priest invokes the aid of Beogh against you.
Beogh smites you!
You die...

# ##.##.# #
######.#.#.############ #
#.....###).#.......<..#
#.####.#(#.#.########># ## #.#
##.##.#.# #.# #♣8♣# #.# ####.#.#
#.# #W!.# #.# #.#.# #)# ##+## #.#
#.#.########.# #...# ##†##
#....@.5K.5..# #..## ##.#.##
###.########o####.##
#.###.########.## #..##.).## .##
##.....<....#######h.......##
#.###.########..oo.oh§...((...(..
##.#.## ###.o############..#..
##.## #.....####### ##...#
#.########.###.†...... .......
#..........# #.####### #######


You could see an orc priest, a kobold, a friendly crimson imp and a friendly
white imp.

Vanquished Creatures
  An adder (D:2)
  2 oozes
  A dart slug (D:1)
  2 leopard geckos
  2 orcs (D:3)
  A ball python (D:1)
  A bat skeleton (D:2)
  3 giant cockroaches
  6 hobgoblins
  7 jackals (D:3)
  3 kobolds
  A quokka (D:2)
  3 bats
  A frilled lizard (D:2)
  4 goblins
  2 rats (D:1)
40 creatures vanquished.

Vanquished Creatures (collateral kills)
  An orc priest (D:3)
  Ijyb (D:3)
  An adder (D:2)
  2 leopard geckos (D:1)
  2 orcs (D:3)
  A bat (D:3)
  2 hobgoblins
  3 jackals
  2 kobolds
15 creatures vanquished.

Grand Total: 55 creatures vanquished

Notes
Turn   | Place    | Note
-------+----------+-------------------------------------------
     0 | D:1      | LostNumber the Mummy Summoner began the quest for the Orb.
     0 | D:1      | Reached XP level 1. HP: 13/13 MP: 4/4
   599 | D:1      | Reached XP level 2. HP: 16/20 MP: 5/5
   612 | D:1      | Learned a level 2 spell: Call Imp
  1269 | D:1      | Reached skill level 1 in Fighting
  1300 | D:1      | Reached XP level 3. HP: 13/26 MP: 7/7
  1529 | D:1      | Learned a level 3 spell: Call Canine Familiar
  2258 | D:2      | Noticed Sigmund
  2773 | D:2      | Reached skill level 4 in Summonings
  3094 | D:3      | Reached XP level 4. HP: 28/32 MP: 9/9
  3167 | D:3      | Noticed Ijyb
  3297 | D:3      | Killed Ijyb
  3316 | D:3      | Learned a level 4 spell: Summon Ice Beast
  3623 | D:3      | Found a runed door.
  3637 | D:3      | Noticed kaisn's ghost (amateur FoFi)
  3693 | D:3      | Killed from afar by an orc priest

Vault maps used:
D:1:      matt_arrival_grand_opening, chequers_mini_garden
D:2:      cheibrodos_old_hovel, moated_statue, uniq_sigmund
D:3:      gammafunk_ghost_grave, cheibriados_altar_1, uniq_natasha, uniq_ijyb,
          uniq_grinder

Skill      XL: |  1  2  3  4 |
---------------+-------------+-----
Spellcasting   | 3 |  3.7
Fighting       | 1 2 |  2.0
Summonings     | 4 |  4.3
Dodging        | |  1.5
Stealth        | |  1.5

Action                   |  1- 3 |  4- 6 || total
-------------------------+-------+-------++-------
Melee: Dagger            |    21 |       ||    21
       Short sword       |    43 |       ||    43
       Unarmed           |     1 |       ||     1
       Spear             |    90 |    47 ||   137
       Staff             |       |     6 ||     6
 Cast: Summon Small Mamm |     3 |       ||     3
       Call Imp          |     8 |     5 ||    13
       Call Canine Famil |     4 |     5 ||     9
 Stab: Sleeping          |     4 |     1 ||     5
       Distracted        |     1 |       ||     1
Armor: Robe              |    33 |     7 ||    40
Dodge: Dodged            |    96 |    46 ||   142

Table legend:
 A = Non-vault XP
 B = Vault XP
 C = Vault XP percentage of total XP
 D = Non-vault monster count
 E = Vault monster count
 F = Vault count percentage of total count
                 A         B        C        D         E       F
            +---------+---------+-------+---------+---------+-------
      Total |     147 |      21 |  12.5 |      53 |       2 |   3.6
            +---------+---------+-------+---------+---------+-------
        D:1 |      43 |       0 |   0.0 |      22 |       0 |   0.0
        D:2 |      43 |       2 |   4.4 |      13 |       1 |   7.1
        D:3 |      61 |      19 |  23.8 |      18 |       1 |   5.3
            +---------+---------+-------+---------+---------+-------
